AoeStats
← NotGG

Lombardia

509735164Analyzed
4v4 RM · 5d ago on Sep 27, 2026· 37m 47s· 8 players
Game mode
Random Map
Map size
Large (8 player)
Population
200
Speed
Normal
Resources
Standard
Victory
Conquest
Starting age
Dark Age
Ending age
Imperial Age
RankedLock teamsTeams togetherTeam positionsShared explorationLock speedFull tech treeHidden civsTurbo modeCheats
Victory
Defeat
🇦🇷 Khmer · Argentina
1200
+15
🇦🇷 Georgians · Argentina
1185
+16
🇨🇦 Spanish · Canada
1151
+17
🇨🇦 Britons · Canada
1120
+19
🇺🇸 Hindustanis · United States
1244
-19
🇩🇪 Celts · Germany
1238
-19
🇦🇺 Saxons · Australia
1128
-15
🇲🇽 Vikings · Mexico
1112
-14
NotGG
6:37 Loom
8:55 Feudal Age
16:08 Castle Age
14:17 Double-Bit Axe
14:41 Horse Collar
14:56 Gold Mining
16:47 Wheelbarrow
15:57 Town Watch
17:34 Bow Saw
17:51 Heavy Plow
19:01 Fervor
30:49 Imperial Age
29:09 Fletching
29:02 Treadmill Crane
29:42 Stone Mining
30:04 Svan Towers
29:59 Bodkin Arrow
30:06 Padded Archer Armor
30:29 Ballistics
31:10 Stone Shaft Mining
30:37 Town Patrol
30:36 Guard Tower
31:18 Leather Archer Armor
31:17 Masonry
31:48 Bracer
32:10 Conscription
31:50 Murder Holes
32:57 Parthian Tactics
33:21 Aznauri Cavalry
34:18 Chemistry
34:00 Guard Tower
33:59 Heavy Cavalry Archer
36:14 Keep
elsuum_93
11:44 Feudal Age
12:55 Double-Bit Axe
13:09 Horse Collar
15:48 Castle Age
17:08 Bow Saw
20:58 Wheelbarrow
21:42 Heavy Plow
24:31 Hand Cart
29:33 Imperial Age
27:15 Scale Barding Armor
27:21 Forging
27:13 Gold Mining
28:02 Bloodlines
27:53 Husbandry
28:59 Chain Barding Armor
29:59 Town Watch
30:00 Loom
29:52 Cavalier
31:31 Town Patrol
32:10 Plate Barding Armor
32:11 Iron Casting
31:30 Paladin
34:43 Coinage
victor002
8:12 Loom
8:30 Loom
11:25 Feudal Age
15:17 Castle Age
13:30 Horse Collar
13:56 Double-Bit Axe
21:33 Fletching
24:49 Wheelbarrow
24:03 Town Watch
24:32 Heavy Plow
24:30 Crossbowman
31:12 Imperial Age
28:38 Gold Mining
31:46 Bow Saw
31:41 Bodkin Arrow
31:47 Padded Archer Armor
33:22 Chemistry
32:38 Arbalester
35:09 Bracer
35:25 Leather Archer Armor
37:31 Ring Archer Armor
Braian
12:12 Feudal Age
15:03 Castle Age
14:00 Double-Bit Axe
15:52 Horse Collar
18:39 Loom
22:01 Scale Barding Armor
23:02 Forging
24:29 Chain Barding Armor
25:37 Husbandry
26:37 Gold Mining
27:00 Bloodlines
28:06 Wheelbarrow
28:17 Iron Casting
30:39 Caravan
31:29 Gold Shaft Mining
30:22 Light Cavalry
36:31 Imperial Age
hurlmore
5:36 Loom
10:00 Feudal Age
18:35 Castle Age
16:46 Horse Collar
17:04 Double-Bit Axe
18:31 Gold Mining
20:29 Gold Shaft Mining
22:56 Forging
28:04 Wheelbarrow
28:07 Heavy Plow
28:26 Bow Saw
28:48 Bloodlines
28:38 Husbandry
30:00 Iron Casting
30:56 Hand Cart
31:16 Scale Barding Armor
31:18 Grand Trunk Road
32:28 Fletching
33:14 Husbandry
33:51 Chain Barding Armor
36:27 Imperial Age
34:46 Town Watch
35:13 Fortified Wall
35:15 Masonry
35:25 Ballistics
35:31 Bodkin Arrow
36:03 Light Cavalry
36:41 Heavy Camel Rider
38:23 Blast Furnace
37:58 Plate Barding Armor
aaaaaaa
0:28 Loom
13:08 Feudal Age
14:30 Double-Bit Axe
14:30 Horse Collar
14:45 Gold Mining
17:24 Castle Age
16:36 Stone Mining
23:01 Bow Saw
30:48 Fortified Wall
32:43 Gold Shaft Mining
32:28 Town Watch
36:01 Imperial Age
34:36 Coinage
34:07 Caravan
35:10 Scale Mail Armor
35:21 Forging
35:40 Fletching
35:51 Padded Archer Armor
36:09 Chain Mail Armor
36:59 Elite Berserk
Der unglaubliche Horst™
10:08 Feudal Age
14:50 Castle Age
12:46 Double-Bit Axe
13:21 Horse Collar
16:17 Bow Saw
21:39 Loom
22:16 Heavy Plow
23:41 Wheelbarrow
22:48 Pikeman
27:45 Hand Cart
28:30 Gold Mining
29:40 Scale Mail Armor
29:51 Forging
33:39 Imperial Age
32:35 Chain Mail Armor
32:56 Iron Casting
34:32 Onager
34:39 Halberdier
35:50 Plate Mail Armor
36:24 Siege Onager
PMar
12:36 Feudal Age
14:39 Loom
17:17 Castle Age
15:27 Double-Bit Axe
15:31 Horse Collar
18:51 Bow Saw
22:47 Wheelbarrow
26:04 Heavy Plow
27:07 Gold Mining
27:07 Stone Mining
27:28 Pikeman
29:45 Gold Shaft Mining
29:33 Hand Cart
29:06 Town Watch
32:51 Imperial Age
30:23 Treadmill Crane
30:47 Squires
30:33 Gambesons
30:38 Arson
31:58 Scale Mail Armor
32:08 Forging
31:49 Fletching
31:59 Padded Archer Armor
33:51 Chain Mail Armor
34:12 Iron Casting
33:04 Elite Skirmisher
33:50 Thumb Ring
34:19 Halberdier
34:46 Shield Wall
36:14 Plate Mail Armor
35:39 Bodkin Arrow
Connection lost

Rejoining the realm…

Still unreachable

The connection could not be restored.

Session expired

The server has moved on; the page needs a fresh start.